 Dungeon Crawl Stone Soup version 0.19-a0-1320-g0178847 (webtiles) character file.

151 Amnesiac the Ruffian (level 5, -1/53 HPs)
             Began as a Troll Berserker on Aug 31, 2016.
             Was a Believer of Trog.
             Shot with an arrow by a centaur (10 damage)
             ... on level 6 of the Dungeon.
             The game lasted 00:03:41 (1430 turns).

Amnesiac the Ruffian (Troll Berserker)              Turns: 1430, Time: 00:03:41

Health: -1/53      AC:  5    Str: 25    XL:     5   Next: 11%
Magic:  4/4        EV: 13    Int:  3    God:    Trog [**....]
Gold:   39         SH:  0    Dex: 10    Spells: 0 memorised, 4 levels left

rFire  . . .     SeeInvis .       - Unarmed
rCold  . . .     Gourm    +     a - +0 animal skin
rNeg   . . .     Faith    .     (no shield)
rPois  .         Spirit   .     (helmet restricted)
rElec  .         Dismiss  .     (no cloak)
rCorr  .         Reflect  .     (gloves unavailable)
MR     .....     Harm     .     (boots unavailable)
Stlth  +.........               (no amulet)
                                (no ring)
                                n - +3 ring of evasion

@: no status effects
A: unfitting armour, claws 3, fast metabolism 3, gourmand, regeneration 1,
shaggy fur 1, tough skin 2
a: Berserk, Trog's Hand, Burn Spellbooks, Renounce Religion


You were on level 6 of the Dungeon.
You worshipped Trog.
Trog was pleased with you.
You were completely stuffed.

You visited 1 branch of the dungeon, and saw 6 of its levels.
You also visited: Sewer.

You collected 39 gold pieces.

Inventory:

Armour
 a - a +0 animal skin (worn)
Jewellery
 n - a +3 ring of evasion (left claw)
Scrolls
 c - 2 scrolls of immolation {unknown}
 d - a scroll of identify {unknown}
 f - a scroll of blinking {unknown}
 i - a scroll of fog {unknown}
 k - 2 scrolls of noise {unknown}
 l - a scroll of teleportation {unknown}
 o - a scroll of recharging {unknown}
Potions
 e - 2 potions of might {unknown}
 g - 3 potions of curing {unknown}
 h - 4 potions of magic {unknown}
 j - 2 potions of heal wounds {unknown}
Comestibles
 b - 4 bread rations
 m - a chunk of flesh


   Skills:
 + Level 3.3 Fighting
 + Level 3.0 Dodging
 * Level 4.6 Unarmed Combat


You had 4 spell levels left.
You didn't know any spells.

Dungeon Overview and Level Annotations

Branches:
Dungeon (6/15)
 Temple: D:4-7

Altars:
Fedhas
Xom


Innate Abilities, Weirdness & Mutations

You are too large for most types of armour.
You have claws for hands.
Your metabolism is lightning-fast.
You like to eat raw meat.
Your natural rate of healing is unusually fast.
You are covered in fur. (AC +1)
You have very tough skin. (AC +2)


Message History

The centaur unwields an uncursed shortbow.
The centaur hits the bush.
The centaur wields an uncursed shortbow.
The centaur shoots an arrow.
The arrow closely misses you.
Found 16 gold pieces.
The centaur shoots an arrow.
The arrow hits you!
The centaur shoots an arrow.
The arrow hits you.
You see here an arrow.
The centaur shoots an arrow.
The arrow barely misses you.
You see here an arrow.
The centaur shoots an arrow.
The arrow hits you!
The centaur shoots an arrow.
The arrow hits you!
Found a stone staircase leading down.
You see here 2 arrows.
The centaur shoots an arrow.
The arrow hits you but does no damage.
You see here an arrow.
The centaur shoots an arrow.
The arrow hits you!
* * * LOW HITPOINT WARNING * * *
The centaur shoots an arrow.
The arrow hits you!
You die...

##..... ......
#.#..##############
#.#..........[...<#
#.....###########.#
#.....#########
#.....##.(((..###.##
#(....##.PPP(P....>.
#.#(..(..PcP@P...###
#.#..###.PP_PP##....
..$..# #.PPPP..# .##
......[ ...PP ..# #
#...#####... ...
##.# #$### .### #.
... .. #..# .#


You could see a centaur.

Vanquished Creatures
  An orc priest (D:4)
  An orc wizard (D:4)
  2 adders
  2 oozes
  2 worms (D:3)
  3 giant geckos (D:3)
  7 orcs
  6 ball pythons
  2 bats
  A giant cockroach (D:3)
  A goblin (D:2)
  6 hobgoblins
  6 jackals (Sewer)
  6 kobolds
  A giant gecko zombie (D:5)
  4 giant newts
  5 plants (Sewer)
56 creatures vanquished.

Vanquished Creatures (others)
  5 dream sheep (D:4)
5 creatures vanquished.

Grand Total: 61 creatures vanquished

Notes
Turn   | Place    | Note
-------+----------+-------------------------------------------
     0 | D:1      | Amnesiac the Troll Berserker began the quest for the Orb.
     0 | D:1      | Reached XP level 1. HP: 22/22 MP: 0/0
   127 | D:2      | Reached XP level 2. HP: 29/29 MP: 1/1
   266 | D:3      | Reached XP level 3. HP: 33/36 MP: 2/2
   315 | D:3      | Reached ** piety under Trog
   414 | D:3      | Found a glowing drain.
   418 | Sewer    | Entered a sewer
   445 | Sewer    | Reached skill level 4 in Unarmed Combat
   445 | Sewer    | Reached XP level 4. HP: 45/45 MP: 3/3
  1219 | D:4      | Reached XP level 5. HP: 53/53 MP: 4/4
  1267 | D:4      | Found a shimmering altar of Xom.
  1267 | D:4      | Noticed a dream sheep
  1267 | D:4      | Noticed a dream sheep
  1267 | D:4      | Noticed a dream sheep
  1267 | D:4      | Noticed a dream sheep
  1267 | D:4      | Noticed a dream sheep
  1272 | D:4      | Killed a dream sheep
  1272 | D:4      | Killed a dream sheep
  1274 | D:4      | Killed a dream sheep
  1274 | D:4      | Killed a dream sheep
  1274 | D:4      | Killed a dream sheep
  1326 | D:5      | Entered Level 5 of the Dungeon
  1389 | D:6      | Noticed a centaur
  1422 | D:6      | Found a blossoming altar of Fedhas.
  1430 | D:6      | Shot with an arrow by a centaur

Vault maps used:
D:1:      matt_arrival_spirals, kennysheep_minor_cross
D:2:      kennysheep_big_flooded_room, nicolae_tso_swordbearing_angel
D:3:      gup_sewer_entry_spiral, first_bread
D:4:      kb_xom_exploding_sheep, lemuel_round_altar, trog_hazing_becter
D:6:      minivault_1, fedhas_bush_and_centaur_altar
Sewer:    sewer_co_scattered_pipes

Skill      XL: |  1  2  3  4 |
---------------+-------------+-----
Fighting       | 3 |  3.3
Unarmed Combat | 4 |  4.6
Dodging        | 3 |  3.0

Action                   |  1- 3 |  4- 6 || total
-------------------------+-------+-------++-------
Melee: Unarmed           |    80 |    93 ||   173
       Punch             |       |     4 ||     4
Invok: Berserk           |     1 |     1 ||     2
 Stab: Sleeping          |     1 |     1 ||     2
  Eat: Chunk             |     9 |    14 ||    23
Armor: Animal skin       |    25 |    10 ||    35
Dodge: Dodged            |    34 |    22 ||    56
